 Dungeon Crawl Stone Soup version 0.32-a0-933-ga8fa3634e4 (webtiles) character file.

Game seed: 12124993062807649549

1494605 adelrune the Cryomancer (level 25, 164/164 HPs)
             Began as a Deep Elf Conjurer on Apr 11, 2024.
             Was the Champion of Vehumet.
             Escaped with the Orb
             ... and 3 runes on Apr 14, 2024!
             The game lasted 06:46:48 (85627 turns).

adelrune the Cryomancer (Deep Elf Conjurer)        Turns: 85627, Time: 06:46:49

Health: 164/164    AC: 28    Str: 11    XL:     25   Next: 83%
Magic:  43/43      EV: 22    Int: 53    God:    Vehumet [******]
Gold:   5823       SH: 16    Dex: 23    Spells: 3/61 levels left

rFire   + . .        W - staff of cold
rCold   . . .        U - +1 kite shield {AC+3}
rNeg    . . .        l - +0 swamp dragon scales
rPois   +            t - +2 helmet
rElec   +            I - +1 cloak {Will+}
rCorr   +            S - +1 pair of gloves "Zitwu" {rCorr Int+2}
SInv    +            Y - +5 pair of boots "Apaplaumo" {Int+7 SInv}
Will    ++...        s - amulet of magic regeneration
Stlth   ++           q - ring "Cyibris" {rElec Will- Str+6 Int+4 Dex+2}
HPRegen 0.47/turn    A - ring of Makkuh {Wiz *Corrode Int+7 Dex+4}
MPRegen 0.68/turn

%: corrode self (3%), wizardry (x1)
@: studying 2 skills
A: hooves 1, agile 1, fire resistance 1, low MP 1, cold vulnerability 1,
persistent drain
0: Orb of Zot
}: 3/15 runes: decaying, slimy, gossamer
a: Renounce Religion


You escaped.
You worshipped Vehumet.
Vehumet was exalted by your worship.
You visited 11 branches of the dungeon, and saw 52 of its levels.
You also visited: Volcano and Wizlab.

You collected 7990 gold pieces.
You spent 2167 gold pieces at shops.

Inventory:

Armour
 l - +0 swamp dragon scales (worn)
 t - a +2 helmet (worn)
 I - a +1 cloak of willpower (worn)
 S - the +1 pair of gloves "Zitwu" (worn) {rCorr Int+2}
   (You bought it in a shop on level 2 of the Orcish Mines)

   Int+2:     It affects your intelligence (+2).
   rCorr:     It protects you from acid and corrosion.
 U - a +1 kite shield of protection (worn)
 Y - the +5 pair of boots "Apaplaumo" (worn) {Int+7 SInv}
   (You found it on level 3 of the Elven Halls)

   Int+7:     It affects your intelligence (+7).
   SInv:      It lets you see invisible.
Magical Staves
 W - a staff of cold (weapon)
Jewellery
 q - the ring "Cyibris" (left hand) {rElec Will- Str+6 Int+4 Dex+2}
   (You found it on level 3 of the Elven Halls)

   [ring of strength]

   Str+6:     It affects your strength (+6).
   Int+4:     It affects your intelligence (+4).
   Dex+2:     It affects your dexterity (+2).
   rElec:     It insulates you from electricity.
   Will-:     It decreases your willpower.
 s - an amulet of magic regeneration (around neck)
 v - the ring of Ehinutua {Ice Dex+5}
   (You took it off Josephina on level 1 of the Realm of Zot)

   [ring of ice]

   Ice:       It enhances your ice magic.
   Dex+5:     It affects your dexterity (+5).
   rF-:       It makes you vulnerable to fire.
   rC+:       It protects you from cold.
 x - a +6 ring of strength
 A - the ring of Makkuh (right hand) {Wiz *Corrode Int+7 Dex+4}
   (You found it on level 1 of the Swamp)

   [ring of wizardry]

   Wiz:       It improves your spell success rate.
   Int+7:     It affects your intelligence (+7).
   Dex+4:     It affects your dexterity (+4).
   *Corrode:  It may corrode you when you take damage.
 P - a ring of willpower
 T - a ring of positive energy
Wands
 e - a wand of digging (6)
 f - a wand of mindburst (47)
 y - a wand of light (19)
 D - a wand of iceblast (51)
 M - a wand of polymorph (20)
 N - a wand of flame (153)
 V - a wand of paralysis (77)
Scrolls
 a - 5 scrolls of fear
 b - 3 scrolls of blinking
 c - 6 scrolls of noise
 d - 2 scrolls of immolation
 k - 12 scrolls of poison
 u - a scroll of enchant armour
 w - 3 scrolls of fog
 z - 18 scrolls of teleportation
 B - a scroll of summoning
 G - a scroll of torment
 H - 3 scrolls of revelation
 L - 7 scrolls of vulnerability
 O - a scroll of amnesia
 R - 2 scrolls of brand weapon
Potions
 g - 19 potions of curing
 h - 6 potions of haste
 i - 8 potions of lignification
 j - a potion of cancellation
 m - 5 potions of brilliance
 n - 7 potions of ambrosia
 o - 6 potions of resistance
 p - 8 potions of attraction
 r - 11 potions of enlightenment
 C - 10 potions of heal wounds
 E - 10 potions of might
 F - 8 potions of mutation
 J - a potion of berserk rage
 Q - 5 potions of invisibility
 Z - 3 potions of magic
Miscellaneous
 K - a Gell's gravitambourine (2/2)
 X - a tin of tremorstones (2/2)


   Skills:
 + Level 18.4 Fighting
 - Level 11.0 Armour
 + Level 18.7 Dodging
 + Level 16.2 Stealth
 - Level 15.0 Shields
 - Level 18.8 Spellcasting
 - Level 12.9 Conjurations
 - Level 12.0 Summonings
 - Level 5.0 Translocations
 - Level 8.0 Fire Magic
 - Level 22.0 Ice Magic
 - Level 8.5 Air Magic
 - Level 10.0 Earth Magic
 - Level 5.0 Alchemy
 - Level 7.0 Evocations


You had 3 spell levels left.
You knew the following spells:

 Your Spells              Type           Power      Damage    Failure   Level
a - Irradiate             Conj/Alch      49%        3d28      1%          5
b - Polar Vortex          Ice            81%        12d10*    1%          9
c - Iskenderun's Mystic   Conj/Tloc      98%        2d19      (+2d11%     4
d - Blink                 Tloc           100%       N/A       1%          2
e - Freezing Cloud        Conj/Ice/Air   70%        6-21      1%          5
f - Permafrost Eruption   Ice/Erth       73%        2x4d16    1%          6
g - Orb of Destruction    Conj           56%        9d14      1%          7
i - Spellforged Servitor  Conj/Summ      55%        N/A       1%          7
j - Plasma Beam           Fire/Air       47%        2x1d62    1%          6
k - Ozocubu's Refrigerat  Ice            81%        4d25      1%          7

Your spell library contained the following spells:

 Spells                   Type           Power      Damage    Failure   Level
 Chain Lightning          Conj/Air       52%        3d69      71%         9
 Fire Storm               Conj/Fire      51%        8d13      75%         9
 Foxfire                  Conj/Fire      100%       2x1d9     0%          1
 Magic Dart               Conj           100%       1d8       0%          1
 Sting                    Conj/Alch      100%       1d9       0%          1
 Summon Small Mammal      Summ           100%       N/A       0%          1
 Call Imp                 Summ           100%       N/A       0%          2
 Ensorcelled Hibernation  Hex/Ice        100%       N/A       0%          2
 Searing Ray              Conj           100%       2d8       0%          2
 Static Discharge         Conj/Air       100%       3-8/arc   0%          2
 Frozen Ramparts          Ice            100%       1d16      0%          3
 Hailstorm                Conj/Ice       100%       3d16      0%          3
 Ozocubu's Armour         Ice            100%       N/A       0%          3
 Stone Arrow              Conj/Erth      100%       3d13      0%          3
 Summon Ice Beast         Ice/Summ       100%       N/A       0%          3
 Apportation              Tloc           100%       N/A       1%          1
 Necrotise                Necr           100%       1d9       1%          1
 Slow                     Hex            100%       N/A       1%          1
 Jinxbite                 Hex            98%        N/A       1%          2
 Mercury Vapours          Alch/Air       100%       N/A       1%          2
 Scorch                   Fire           100%       2d9       1%          2
 Sublimation of Blood     Necr           49%        N/A       1%          2
 Call Canine Familiar     Summ           100%       N/A       1%          3
 Confusing Touch          Hex            49%        N/A       1%          3
 Fugue of the Fallen      Necr           49%        N/A       1%          3
 Inner Flame              Hex/Fire       75%        N/A       1%          3
 Mephitic Cloud           Conj/Alch/Air  97%        N/A       1%          3
 Passwall                 Erth           100%       N/A       1%          3
 Sigil of Binding         Hex            49%        N/A       1%          3
 Vampiric Draining        Necr           49%        2d9       1%          3
 Volatile Blastmotes      Fire/Tloc      100%       2d18      1%          3
 Airstrike                Air            48%        2d(7-23)  1%          4
 Animate Armour           Summ/Erth      100%       N/A       1%          4
 Dimensional Bullseye     Hex/Tloc       33%        N/A       1%          4
 Flame Wave               Conj/Fire      100%       2d21      1%          4
 Fulminant Prism          Conj/Alch      49%        3d21      1%          4
 Ignite Poison            Fire/Alch      87%        N/A       1%          4
 Leda's Liquefaction      Alch/Erth      46%        N/A       1%          4
 Olgreb's Toxic Radiance  Alch           80%        N/A       1%          4
 Passage of Golubria      Tloc           80%        N/A       1%          4
 Petrify                  Alch/Erth      92%        N/A       1%          4
 Sticky Flame             Fire/Alch      87%        2d13      1%          4
 Summon Lightning Spire   Summ/Air       100%       N/A       1%          4
 Vhi's Electric Charge    Tloc/Air       100%       N/A       1%          4
 Borgnjor's Vile Clutch   Necr/Erth      40%        N/A       1%          5
 Fireball                 Conj/Fire      51%        3d20      1%          5
 Metabolic Englaciation   Hex/Ice        64%        N/A       1%          5
 Summon Forest            Summ/Tloc      48%        N/A       1%          5
 Yara's Violent Unravell  Hex/Alch       33%        3d14      1%          5
 Bombard                  Conj/Erth      53%        9d9       1%          6
 Conjure Ball Lightning   Conj/Air       52%        3x3d18    1%          6
 Sculpt Simulacrum        Ice/Alch       69%        N/A       1%          6
 Starburst                Conj/Fire      51%        6d14      1%          6
 Summon Cactus Giant      Summ           54%        N/A       1%          6
 Silence                  Hex/Air        38%        N/A       2%          5
 Eringya's Noxious Bog    Alch           40%        4d6       2%          6
 Summon Hydra             Summ           54%        N/A       3%          7
 Anguish                  Hex/Necr       24%        N/A       4%          4
 Animate Dead             Necr           49%        N/A       4%          4
 Cause Fear               Hex            24%        N/A       4%          4
 Lehudib's Crystal Spear  Conj/Erth      53%        10d13     7%          8
 Death Channel            Necr           24%        N/A       56%         6
 Dragon's Call            Summ           54%        N/A       96%         9
 Enfeeble                 Hex            24%        N/A       98%         7
 Disjunction              Tloc           40%        N/A       98%         8
 Discord                  Hex            24%        N/A       100%        8


Dungeon Overview and Level Annotations

Branches:
Dungeon (15/15)            Temple (1/1) D:5            Lair (5/5) D:11
  Swamp (4/4) Lair:3       Spider (4/4) Lair:2        Slime (5/5) Lair:5
    Orc (2/2) D:10            Elf (3/3) Orc:2        Vaults (4/5) D:14
  Crypt (0/3) Vaults:3     Depths (4/4) D:15            Zot (5/5) Depths:4
Volcano (visited)          WizLab (visited)

Altars:
Ashenzari
Dithmenos
Gozag
Hepliaklqana
Kikubaaqudgha
Makhleb
Nemelex Xobeh
Okawaru
Ru
Sif Muna
Trog
Uskayaw
Vehumet
Wu Jian
Xom
Yredelemnul
Zin
The Shining One
Beogh
Jiyva

Shops:
D:1 !   D:6 (:   Orc:2 [?![:   Elf:3 ?*   Vaults:1 ?   Depths:1 !::=

Portals:
Hell: Depths:1 Depths:2 Depths:3
Abyss: Depths:2 Depths:3
Pandemonium: Depths:2 Depths:4
Ziggurat: Depths:3
Trove: Depths:4 (give +3 shadow dragon scales)

Annotations:
Elf:2 3 runed translucent doors
Vaults:2 exclusions: door and orange crystal statue
Vaults:3 2 runed translucent doors, Qeunemit's ghost, adept GrFi


Innate Abilities, Weirdness & Mutations

You have large cloven feet.
You are agile. (Dex +4, Str/Int -1)
Your flesh is heat resistant. (rF+)
Your magical capacity is low. (-10% MP)
You are vulnerable to cold. (rC-)
Your health recovers twice as slowly from being drained.


Message History

Strange energies course through your body.
Casting: Permafrost Eruption (safe; 1% risk of failure)
Confirm with . or Enter, or press ? or * to list all spells.
You feel a surge of power!
Bitter cold erupts, blasting rock from the ceiling!
The mass of rock hits the cacodemon!
You kill the cacodemon!
Vehumet accepts your kill.
You feel your power returning.
Piercing cold boils outward!
What level of the Dungeon? (default 1, ? - help)
There is a stone staircase leading up here.
You climb upwards.
There is a stone staircase leading down here.
A green death comes into view.
Casting: Permafrost Eruption (safe; 1% risk of failure)
Confirm with . or Enter, or press ? or * to list all spells.
You feel a surge of power!
Bitter cold erupts, blasting rock from the ceiling!
The mass of rock hits the green death!!!
The green death is heavily wounded.
Piercing cold boils outward!
The piercing cold hits the green death!!
The green death is almost dead.
Casting: Permafrost Eruption (safe; 1% risk of failure)
Confirm with . or Enter, or press ? or * to list all spells.
You feel a surge of power!
Bitter cold erupts, blasting rock from the ceiling!
The mass of rock hits the green death!!!
You kill the green death!
Vehumet accepts your kill.
Piercing cold boils outward!
What level of the Dungeon? (default 1, ? - help)
There is a stone staircase leading up here.
You climb upwards.
There is a stone staircase leading down here.
There is an open door here.
Magic restored.
There is an open door here.
There is a staircase leading out of the dungeon here.
You have escaped!

#.###.##.##.##....#.# ##...
#.#......+ß.ß'....#.####.###
#.#.#.##.#...#...........# #
#.#.#.####...##.....####.###
#.....# #≈...≈#.##### ##...
###.### #≈...≈#.# #.... #.#
#≈...≈#'## #.... #.# #≈...≈#..##
#.... #.#####≈.@.≈#...## #....
#.....##...##...>## #....
#########...####.##......####...#
..............#####......+.......
#########...##.###....^..####...#
##.###.##.......## ##.## ###
#.###.....## #### ##### #.#
##...## # #...#####.# ##'## #


There were no monsters in sight!

Vanquished Creatures
  the Royal Jelly (Slime:5)
  Dissolution (Slime:5)
  A pandemonium lord (D:6)
  2 dread liches
  2 ancient liches (Zot:5)
  5 orbs of fire
  Mennas (Depths:4)
  2 juggernauts
  A curse toe (Zot:5)
  14 Killer Klowns
  Margery (Vaults:2)
  8 golden dragons
  Jory (Vaults:3)
  3 electric golems
  A Brimstone Fiend (D:3)
  10 tentacled monstrosities
  2 liches
  27 Orb Guardians
  Mlioglotl (Swamp:1)
  2 deep elf blademasters
  2 quicksilver dragons
  2 deep elf master archers (Elf:3)
  21 acid blobs
  13 death cobs
  3 sphinxes
  A walking frostbound tome (Depths:3)
  Frances (Elf:1)
  A thorn hunter (Swamp:3)
  Aizul (Swamp:1)
  6 storm dragons
  5 shadow dragons
  3 tengu reavers
  5 draconian monks
  Donald (Elf:3)
  5 fire giants
  3 daevas
  8 azure jellies
  12 rockslimes
  6 vault wardens
  5 protean progenitors
  3 deep elf sorcerers (Elf:3)
  7 draconian knights
  4 draconian scorchers
  3 draconian shifters (Zot:5)
  9 frost giants
  A caustic shrike zombie (Depths:1)
  6 ghost moths
  4 emperor scorpions
  The ghost of Bustrupp the Cruncher, a journeyman DsMo of Gozag (D:15)
  A deep elf elementalist (Elf:3)
  11 ironbound preservers
  Louise (Spider:3)
  An angel (Depths:3)
  A cacodemon (D:3)
  9 draconian annihilators
  2 orc warlords (Depths:2)
  6 draconian stormcallers
  A spriggan defender (Depths:2)
  7 stone giants
  24 very ugly things
  4 vampire knights
  9 quicksilver oozes
  6 deep elf death magi
  A formless jellyfish (Vaults:2)
  9 green draconians
  A broodmother (Spider:1)
  5 ironbound thunderhulks
  15 black draconians
  2 eleionomae (Swamp:4)
  3 deep elf demonologists
  6 yellow draconians
  11 purple draconians
  9 red draconians
  Azrael (Elf:1)
  4 deep elf annihilators (Elf:3)
  9 dire elephants
  The ghost of Ruich the Severer, a journeyman MiCK of Xom (Lair:3)
  2 war gargoyles (Vaults:3)
  9 spark wasps
  3 bunyips
  11 white draconians
  A green death (D:2)
  9 ettins
  A crystal guardian (Vaults:3)
  8 fire dragons
  A shambling mangrove (Swamp:4)
  4 entropy weavers
  A deep elf high priest (Elf:3)
  4 yaktaur captains
  3 rakshasas
  2 great orbs of eyes
  4 vault guards
  7 ice dragons
  A peacekeeper (Vaults:3)
  2 catoblepae
  2 jorogumos (Spider:4)
  3 ogre magi
  Erica (D:10)
  17 hydras
  5 spriggan air magi
  8 alligators
  6 radroaches
  A death knight (D:15)
  5 death yaks (Lair:5)
  12 centaur warriors
  4 dancing weapons
  6 death scarabs (Spider:4)
  2 ironbound frosthearts
  8 demonic crawlers
  17 two-headed ogres
  5 deep troll earth magi
  8 boulder beetles
  3 hell hogs (D:8)
  3 deep troll shamans
  4 orc high priests
  4 tengu warriors
  2 occultists (Depths:2)
  Urug (Lair:5)
  4 spriggan berserkers
  A titan zombie (Depths:3)
  10 hell knights
  A sun demon (Depths:2)
  11 deep elf knights
  7 pharaoh ants
  2 sixfirhies
  3 skysharks
  4 iron trolls
  45 deep trolls
  7 death drakes
  5 goliath frogs
  A salamander mystic (Depths:1)
  A deep troll (shapeshifter) (Vaults:4)
  14 deep elf archers
  A glowing orange brain (shapeshifter) (Depths:3)
  5 flayed ghosts
  7 arcanists
  4 glowing orange brains
  7 orb spiders
  18 lindwurms
  2 bog bodies (Swamp:3)
  7 swamp dragons (Swamp:4)
  A sun moth (Spider:4)
  2 phantasmal warriors (Depths:2)
  An obsidian bat (Orc:2)
  A spectral wolf spider (Spider:4)
  A broodmother zombie (Spider:4)
  2 thermic dynamos (Elf:2)
  3 harpies (Vaults:2)
  8 ironbound convokers
  6 necromancers
  6 steelbarb worms
  10 orc sorcerers
  13 deep elf pyromancers
  20 deep elf zephyrmancers
  10 orc knights
  12 wolf spiders
  4 cyclopes
  35 ugly things
  A shining eye (shapeshifter) (Depths:3)
  3 manticores
  A shadow dragon skeleton (Depths:3)
  Maurice (D:10)
  2 will-o-the-wisps
  8 shining eyes
  3 salamanders
  3 meliai (Spider:3)
  A meliai (shapeshifter) (Elf:1)
  29 moths of wrath
  12 elephants
  11 vault sentinels
  A black mamba (shapeshifter) (Elf:1)
  A kobold blastminer (Orc:1)
  A gargoyle (D:12)
  2 black mambas
  3 torpor snails
  A molten gargoyle (Depths:1)
  11 cane toads
  A smoke demon (Depths:2)
  3 rime drakes
  10 komodo dragons
  7 large abominations (Depths:3)
  3 spectral redbacks (Spider:4)
  A storm dragon simulacrum (Zot:1)
  A rime drake (shapeshifter) (D:14)
  2 unseen horrors (Depths:3)
  A tormentor (Depths:2)
  A redback zombie (Spider:4)
  2 tengu conjurers
  13 yaktaurs
  An efreet (D:14)
  A kobold demonologist (D:13)
  3 unseen horror zombies (D:9)
  A spriggan skeleton (Depths:1)
  A ghost moth simulacrum (Zot:1)
  A komodo dragon (shapeshifter) (Elf:1)
  A red devil (D:13)
  4 trolls
  10 hornets
  A polar bear (shapeshifter) (D:13)
  2 polar bears (Lair:5)
  17 jumping spiders
  A spectral culicivora (Spider:4)
  The ghost of Consumeair16 the Chopper, an amateur CoBe of Trog (D:4)
  A glass eye (shapeshifter) (Depths:2)
  9 tyrant leeches
  A spectral jumping spider (Spider:4)
  2 spectral tarantellas (Spider:4)
  26 tarantellas
  A raiju (shapeshifter) (Depths:3)
  16 blink frogs
  3 glass eyes
  116 slime creatures
  A vampire (D:9)
  A shadow (D:15)
  8 spriggans
  An air elemental (Elf:2)
  12 culicivoras
  A wraith (D:10)
  A yak (shapeshifter) (D:14)
  4 basilisks
  2 water elementals (Elf:2)
  41 yaks
  4 wyverns
  7 steam dragons
  16 humans (D:14)
  6 vampire mosquitoes
  A black draconian simulacrum (Zot:1)
  4 golden eyes (Slime:1)
  35 redbacks
  5 fire elementals
  4 wargs
  2 chaos spawn (Depths:3)
  11 swamp worms
  Duvessa (D:5)
  A naga (shapeshifter) (D:14)
  2 acid dragons
  13 water moccasins
  4 hell hounds (Elf:1)
  6 swamp drakes (Swamp:4)
  13 black bears
  A swamp drake (shapeshifter) (D:15)
  A sky beast (D:5)
  22 orc warriors
  6 boggarts
  10 ogres
  36 wolves
  9 centaurs
  2 phantoms
  19 bullfrogs
  A gnoll sergeant (D:8)
  4 small abominations
  2 scorpions
  18 wights
  Dowan (D:5)
  8 killer bees
  4 howler monkeys
  2 vampire bats (D:12)
  2 electric eels (Lair:5)
  2 centaur zombies (D:9)
  4 hounds
  A bombardier beetle (D:6)
  A gnoll bouda (D:7)
  A jelly (D:4)
  13 orc priests
  3 sleepcaps
  5 iguanas
  25 orc wizards
  4 hell rats (Lair:4)
  2 nameless horrors
  4 howler monkey zombies (D:9)
  Robin (D:3)
  7 adders
  19 gnolls
  A shadow imp (D:7)
  2 ufetubi (D:6)
  2 ribbon worms
  3 dart slugs
  45 orcs
  5 ball pythons
  4 bat skeletons (D:12)
  A bat zombie (D:12)
  5 endoplasms
  7 giant cockroaches
  15 goblins
  7 hobgoblins
  3 jackals (D:4)
  4 quokkas
  3 bats
  2 frilled lizards
  8 kobolds
  6 rats
  3 aspiring fleshes
  A butterfly (D:3)
1824 creatures vanquished.

Vanquished Creatures (collateral kills)
  Mara (Spider:3)
  Josephina (Zot:1)
  A golden dragon (Depths:4)
  Norris (Vaults:2)
  4 deep elf blademasters (Elf:3)
  2 sphinxes
  A deep elf master archer (Elf:3)
  A searing wretch (Vaults:2)
  An acid blob (Slime:5)
  A death cob (Zot:1)
  Roxanne (Swamp:1)
  A rockslime (Slime:2)
  A fenstrider witch (Swamp:3)
  5 frost giants
  A deep elf sorcerer (Elf:3)
  A draconian monk (Depths:4)
  2 vault wardens
  An iron dragon (Depths:3)
  A draconian shifter (Zot:2)
  An emperor scorpion (Spider:4)
  An orc warlord (Elf:2)
  2 ironbound preservers
  3 ironbound thunderhulks
  2 juggernaut skeletons
  A stone giant (Depths:2)
  A draconian annihilator (Depths:4)
  A vampire knight (Depths:3)
  A very ugly thing (Depths:3)
  3 black draconians
  4 eleionomae
  A deep elf annihilator (Elf:3)
  A deep elf death mage (Elf:3)
  5 dire elephants
  2 bunyips (Swamp:1)
  A yellow draconian (Zot:2)
  A purple draconian (Zot:1)
  An ettin (Depths:1)
  A crystal guardian (Vaults:3)
  A yaktaur captain (Vaults:4)
  A deep elf high priest (Elf:3)
  A shambling mangrove (Swamp:3)
  3 vault guards
  2 ice dragons
  5 great orbs of eyes
  3 peacekeepers
  3 hydras (Swamp:3)
  2 ironbound frosthearts
  A ghost crab (Swamp:1)
  A spriggan air mage (Depths:2)
  3 dancing weapons
  A radroach (Spider:3)
  4 alligators
  A boulder beetle (Vaults:3)
  A death scarab (Spider:4)
  2 hell knights
  A storm dragon zombie (Depths:3)
  3 spriggans
  4 deep elf knights
  A death drake (Swamp:4)
  A skyshark (Vaults:2)
  A large abomination (Depths:3)
  2 pharaoh ants (Spider:4)
  A deep elf archer (Elf:3)
  A flayed ghost (Depths:3)
  3 swamp dragons
  13 deep trolls
  A bog body (Swamp:2)
  An ironbound convoker (Vaults:2)
  4 lindwurms
  2 spectral wolf spiders (Spider:4)
  4 necromancers
  A steelbarb worm (Spider:4)
  A tengu zombie (Vaults:1)
  2 deep elf zephyrmancers
  2 human zombies
  11 ugly things
  A wolf spider (Spider:4)
  6 orc knights
  2 will-o-the-wisps (Swamp:3)
  An elephant (shapeshifter) (Elf:1)
  A vault sentinel (Vaults:2)
  2 black mambas (shapeshifter) (Elf:1)
  A spectral redback (Spider:4)
  3 yaktaurs (Vaults:4)
  A tengu conjurer (Depths:4)
  A redback zombie (Spider:4)
  A bloated husk (Swamp:3)
  A tarantella (Spider:4)
  A jumping spider (Spider:4)
  A spectral culicivora (Spider:4)
  A troll (shapeshifter) (Elf:3)
  6 tyrant leeches
  3 hornets
  A hornet (shapeshifter) (Elf:1)
  An ettin skeleton (Vaults:4)
  A culicivora (Spider:3)
  13 slime creatures
  An air elemental (Elf:1)
  2 water elementals (Elf:3)
  2 vampire mosquitoes (Swamp:1)
  4 redbacks
  5 swamp worms
  A moth of wrath simulacrum (Zot:1)
  A hell hound (Elf:1)
  3 orc warriors (Elf:2)
  5 swamp drakes (Swamp:4)
  An ogre (Elf:3)
  A boggart (Vaults:1)
  2 human skeletons (Vaults:4)
  A scorpion (D:5)
  An earth elemental (Elf:1)
  A glowing shapeshifter simulacrum (Vaults:1)
  A sleepcap (D:5)
237 creatures vanquished.

Vanquished Creatures (others)
  A deep elf sorcerer (Elf:3)
  A draconian shifter (Zot:4)
  A very ugly thing (Depths:4)
  A deep elf annihilator (Elf:1)
  A two-headed ogre (D:14)
  An orc knight (Depths:2)
  A storm dragon simulacrum (Zot:1)
  A yaktaur (Vaults:4)
  A tengu conjurer (Depths:1)
  An orc warrior (Elf:2)
  8 foxfires
18 creatures vanquished.

Grand Total: 2079 creatures vanquished

Notes
Turn   | Place    | Note
-------+----------+-------------------------------------------
     0 | D:1      | adelrune the Deep Elf Conjurer began the quest for the Orb.
     0 | D:1      | Reached XP level 1. HP: 10/10 MP: 6/6
   307 | D:1      | Reached XP level 2. HP: 14/15 MP: 4/8
   463 | D:1      | Learned a level 2 spell: Searing Ray
  1393 | D:1      | Found Maulenew's Distillery.
  1407 | D:1      | Bought a potion of degeneration for 12 gold pieces
  1407 | D:1      | Bought a potion of curing for 36 gold pieces
  1427 | D:2      | Reached XP level 3. HP: 19/19 MP: 4/9
  1544 | D:2      | Reached skill level 5 in Conjurations
  1789 | D:2      | Reached XP level 4. HP: 24/24 MP: 5/10
  2150 | D:2      | Learned a level 4 spell: Iskenderun's Mystic Blast
  2394 | D:3      | Found a shimmering altar of Xom.
  2695 | D:3      | You fall into a shaft and drop 1 floor!
  2731 | D:3      | Noticed Robin
  2745 | D:3      | Killed Robin
  3040 | D:4      | Reached XP level 5. HP: 28/28 MP: 9/12
  3195 | D:4      | Noticed an orc warrior
  3631 | D:3      | Learned a level 3 spell: Mephitic Cloud
  3681 | D:3      | Found a faded altar of an unknown god.
  4424 | D:3      | Reached skill level 1 in Translocations
  4424 | D:3      | Reached skill level 1 in Air Magic
  4424 | D:3      | Reached skill level 1 in Alchemy
  4424 | D:3      | Reached XP level 6. HP: 32/32 MP: 9/14
  4771 | D:4      | Found a transporter.
  4772 | D:4      | Found a transporter.
  5383 | D:4      | Killed an orc warrior
  5384 | D:4      | Reached XP level 7. HP: 36/36 MP: 8/16
  5553 | D:5      | Entered Level 5 of the Dungeon
  5583 | D:5      | Found a staircase to the Ecumenical Temple.
  5599 | Temple   | Entered the Ecumenical Temple
  5614 | Temple   | Became a worshipper of Vehumet
  5660 | D:5      | Reached skill level 5 in Spellcasting
  5698 | D:5      | Found a basalt altar of Yredelemnul.
  5832 | D:5      | Found an iron altar of Okawaru.
  5930 | D:5      | Found a burning altar of Makhleb.
  6003 | D:5      | Learned a level 5 spell: Freezing Cloud
  6064 | D:5      | Noticed Dowan
  6066 | D:5      | Noticed Duvessa
  6070 | D:5      | Killed Dowan
  6071 | D:5      | Reached XP level 8. HP: 41/41 MP: 11/18
  6079 | D:5      | Killed Duvessa
  6080 | D:5      | Reached skill level 1 in Ice Magic
  6431 | D:6      | Reached skill level 2 in Ice Magic
  6544 | D:6      | Found Qyik's Vocational Training.
  6646 | D:6      | Found Coibb's Weapon Shop.
  6714 | D:6      | Found a sparkling altar of Nemelex Xobeh.
  6766 | D:6      | Reached skill level 5 in Translocations
  6766 | D:6      | Reached skill level 5 in Alchemy
  7016 | D:7      | Reached skill level 3 in Ice Magic
  7052 | D:7      | Reached XP level 9. HP: 45/45 MP: 14/20
  7064 | D:7      | Reached skill level 5 in Air Magic
  7161 | D:7      | Reached * piety under Vehumet
  7161 | D:7      | Offered knowledge of Sting by Vehumet.
  7176 | D:7      | Reached skill level 4 in Ice Magic
  7604 | D:7      | Reached skill level 5 in Ice Magic
  8267 | D:8      | Reached skill level 6 in Ice Magic
  8910 | D:8      | Reached XP level 10. HP: 11/50 MP: 23/23
  9270 | D:8      | Found a sacrificial altar of Ru.
  9621 | D:9      | Reached skill level 1 in Shields
  9778 | D:9      | Reached skill level 7 in Ice Magic
 10710 | D:9      | Offered knowledge of Static Discharge by Vehumet.
 10946 | D:9      | Noticed a two-headed ogre
 10961 | D:9      | Killed a two-headed ogre
 11006 | D:9      | Reached skill level 8 in Ice Magic
 11181 | D:9      | Reached ** piety under Vehumet
 11182 | D:9      | Reached skill level 10 in Conjurations
 11372 | D:10     | Entered Level 10 of the Dungeon
 11440 | D:10     | Noticed Maurice
 11451 | D:10     | Killed Maurice
 11452 | D:10     | Reached XP level 11. HP: 54/54 MP: 14/25
 11518 | D:10     | Found a staircase to the Orcish Mines.
 11548 | D:10     | Noticed Erica
 11698 | D:10     | Killed Erica
 13208 | D:11     | Noticed a two-headed ogre
 13225 | D:11     | Killed a two-headed ogre
 13256 | D:11     | Noticed a two-headed ogre
 13265 | D:11     | Killed a two-headed ogre
 13433 | D:11     | Noticed a two-headed ogre
 13436 | D:11     | Killed a two-headed ogre
 13437 | D:11     | Reached skill level 10 in Spellcasting
 14043 | D:11     | Found a staircase to the Lair.
 14431 | Lair:1   | Entered Level 1 of the Lair of Beasts
 14629 | Lair:1   | Offered knowledge of Frozen Ramparts by Vehumet.
 14633 | Lair:1   | Reached skill level 1 in Fighting
 14761 | Lair:1   | Reached *** piety under Vehumet
 14765 | Lair:1   | Reached XP level 12. HP: 48/62 MP: 19/28
 14847 | Lair:1   | Learned a level 6 spell: Permafrost Eruption
 14861 | Lair:1   | Reached skill level 1 in Earth Magic
 14973 | Lair:1   | Offered knowledge of Olgreb's Toxic Radiance by Vehumet.
 15645 | Lair:2   | Reached skill level 9 in Ice Magic
 16098 | Lair:2   | Reached skill level 5 in Dodging
 16496 | Lair:2   | Learned a level 4 spell: Olgreb's Toxic Radiance
 16501 | Lair:2   | Found a hole to the Spider Nest.
 17660 | Lair:3   | Found a staircase to the Swamp.
 17882 | Lair:3   | Reached skill level 10 in Ice Magic
 17882 | Lair:3   | Reached skill level 5 in Earth Magic
 17904 | Lair:3   | Reached **** piety under Vehumet
 18020 | Lair:3   | Offered knowledge of Ignite Poison by Vehumet.
 18026 | Lair:3   | Learned a level 4 spell: Ignite Poison
 18322 | Lair:3   | Noticed a catoblepas
 18328 | Lair:3   | Killed a catoblepas
 18329 | Lair:3   | Reached XP level 13. HP: 70/70 MP: 17/31
 18524 | Lair:3   | Identified a scroll of acquirement
 18524 | Lair:3   | Acquired 694 gold pieces
 18568 | Lair:3   | Found a runed translucent door.
 18570 | Lair:3   | Noticed Ruich's ghost (journeyman MiCK)
 18571 | Lair:3   | Identified the +5 trident of Abuse {heavy, Fly rF- rN+
                  | Will+ Dex+2}
 18819 | Lair:4   | Found a dark tunnel.
 18824 | Volcano  | Entered a volcano
 18898 | Volcano  | Noticed a red draconian
 18901 | Volcano  | Killed a red draconian
 18902 | Volcano  | Reached skill level 11 in Ice Magic
 19771 | Lair:4   | Reached ***** piety under Vehumet
 19923 | Lair:4   | Offered knowledge of Spellforged Servitor by Vehumet.
 19985 | Lair:4   | Learned a level 7 spell: Spellforged Servitor
 20454 | Lair:5   | Entered Level 5 of the Lair of Beasts
 20458 | Lair:5   | Noticed Urug
 20460 | Lair:5   | Reached skill level 1 in Fire Magic
 20462 | Lair:5   | Reached skill level 1 in Summonings
 20466 | Lair:5   | Killed Urug
 20467 | Lair:5   | Reached skill level 1 in Evocations
 20957 | Lair:5   | Reached skill level 5 in Stealth
 21110 | Lair:5   | Reached skill level 5 in Fighting
 21375 | Lair:5   | Found a viscous altar of Jiyva.
 21375 | Lair:5   | Found a staircase to the Slime Pits.
 21430 | Lair:5   | Reached XP level 14. HP: 78/78 MP: 20/32
 21907 | Lair:5   | Found the +8 whip "Snakebite" {venom, curare, rPois}
 22588 | Orc:1    | Entered Level 1 of the Orcish Mines
 22915 | Orc:1    | Upgraded the game from 0.32-a0-918-g0f22ef8d61 to
                  | 0.32-a0-928-g1cae6b7ea0
 23270 | Orc:2    | Entered Level 2 of the Orcish Mines
 23270 | Orc:2    | Found a staircase to the Elven Halls.
 23739 | Orc:2    | Offered knowledge of Brom's Barrelling Boulder by Vehumet.
 23925 | Orc:2    | Found Coiz's Armour Emporium.
 23943 | Orc:2    | Bought a +0 pair of boots of flying for 161 gold pieces
 24328 | Orc:2    | Reached skill level 5 in Summonings
 24470 | Orc:2    | Found Ycvacweh's Magic Scroll Shop.
 24765 | Orc:2    | Found an ancient bone altar of Kikubaaqudgha.
 24778 | Orc:2    | Found Baev's Distillery.
 24997 | Orc:2    | Found a radiant altar of Vehumet.
 25047 | Orc:2    | Found a roughly hewn altar of Beogh.
 25048 | Orc:2    | Found Hioca's Antique Armour Shop.
 25057 | Orc:2    | Reached skill level 12 in Ice Magic
 25139 | Orc:2    | Found Puruces's Book Boutique.
 25154 | Orc:2    | Bought a pair of jewelled gloves for 256 gold pieces
 25154 | Orc:2    | Identified the +1 pair of gloves "Zitwu" {rCorr Int+2} (You
                  | bought it in a shop on level 2 of the Orcish Mines)
 25154 | Orc:2    | Bought a shiny kite shield for 202 gold pieces
 25225 | Orc:2    | Bought a potion of invisibility for 96 gold pieces
 25225 | Orc:2    | Bought a potion of heal wounds for 60 gold pieces
 25225 | Orc:2    | Bought a potion of cancellation for 96 gold pieces
 25225 | Orc:2    | Bought a potion of brilliance for 48 gold pieces
 25249 | Orc:2    | Bought a scroll of identify for 36 gold pieces
 25249 | Orc:2    | Bought 2 scrolls of identify for 72 gold pieces
 25249 | Orc:2    | Bought a scroll of identify for 36 gold pieces
 25249 | Orc:2    | Bought a scroll of identify for 36 gold pieces
 25249 | Orc:2    | Bought a scroll of identify for 36 gold pieces
 25255 | Orc:2    | Bought a scroll of revelation for 135 gold pieces
 26331 | D:12     | Found an ancient bone altar of Kikubaaqudgha.
 27294 | D:14     | Found a gate to the Vaults.
 27374 | D:14     | Identified the +1 scale mail of Ywuhe {Rampage +Inv rC++
                  | Int+3}
 28086 | D:14     | Reached XP level 15. HP: 72/84 MP: 34/34
 28199 | D:14     | Found a bloodstained altar of Trog.
 28388 | D:15     | Entered Level 15 of the Dungeon
 28445 | D:15     | Found a staircase to the Depths.
 29321 | D:15     | Found a transporter.
 29327 | D:15     | Identified the +11 great mace of a ziggurat {flame, rC+ rN+
                  | rCorr}
 29327 | D:15     | Noticed a fire giant
 29327 | D:15     | Noticed Bustrupp's ghost (journeyman DsMo)
 29684 | D:15     | Found a shadowy altar of Dithmenos.
 29692 | D:15     | Reached skill level 5 in Evocations
 29825 | Spider:1 | Entered Level 1 of the Spider Nest
 30004 | Spider:1 | Identified the +0 helmet of Darkness {Rampage rN+ Will-
                  | Dex+3}
 31103 | Spider:2 | Reached ****** piety under Vehumet
 31311 | Spider:2 | Noticed an emperor scorpion
 31314 | Spider:2 | Offered knowledge of Plasma Beam by Vehumet.
 31320 | Spider:2 | Killed an emperor scorpion
 32365 | Spider:3 | Reached skill level 10 in Dodging
 32416 | Spider:3 | Learned a level 6 spell: Plasma Beam
 32433 | Spider:3 | Noticed Mara
 32699 | Spider:3 | Noticed an emperor scorpion
 32710 | Spider:3 | Killed an emperor scorpion
 32734 | Spider:3 | Noticed Louise
 32744 | Spider:3 | Killed Louise
 32978 | Spider:2 | Reached skill level 5 in Fire Magic
 33094 | Spider:3 | Reached XP level 16. HP: 92/92 MP: 21/36
 33873 | Spider:3 | Noticed adelrune's illusion
 33881 | Spider:3 | Killed Mara
 33882 | Spider:3 | Reached skill level 10 in Summonings
 34261 | Spider:4 | Entered Level 4 of the Spider Nest
 34516 | Spider:4 | Reached skill level 15 in Spellcasting
 34877 | Spider:4 | Offered knowledge of Arcjolt by Vehumet.
 35969 | Spider:4 | Reached skill level 5 in Shields
 37026 | Spider:4 | Got a gossamer rune of Zot
 37416 | Swamp:1  | Entered Level 1 of the Swamp
 37416 | Swamp:1  | Noticed Mlioglotl
 37433 | Swamp:1  | Killed Mlioglotl
 37445 | Swamp:1  | Offered knowledge of Starburst by Vehumet.
 37449 | Swamp:1  | Identified the serpent talisman of Ozabb {rC- Dex+7}
 37449 | Swamp:1  | Noticed Aizul
 37454 | Swamp:1  | Killed Aizul
 37459 | Swamp:1  | Reached XP level 17. HP: 86/97 MP: 18/38
 37580 | Swamp:1  | Identified the ring of Makkuh {Wiz *Corrode Int+7 Dex+4}
 38113 | Swamp:1  | Noticed Roxanne
 38180 | Swamp:1  | Killed Roxanne
 41131 | Swamp:4  | Entered Level 4 of the Swamp
 41522 | Swamp:4  | Paralysed by a fenstrider witch for 5 turns
 41758 | Swamp:4  | Offered knowledge of Ozocubu's Refrigeration by Vehumet.
 41834 | Swamp:3  | Learned a level 7 spell: Ozocubu's Refrigeration
 42170 | Swamp:4  | Got a decaying rune of Zot
 42614 | Swamp:4  | Reached skill level 13 in Ice Magic
 42784 | Vaults:1 | Entered Level 1 of the Vaults
 42908 | Vaults:1 | Reached XP level 18. HP: 106/106 MP: 28/41
 42939 | Vaults:1 | Found a magical portal.
 42961 | WizLab   | Entered Borgnjor's Mausoleum
 43104 | Vaults:1 | Offered knowledge of Orb of Destruction by Vehumet.
 43113 | Vaults:1 | Learned a level 7 spell: Orb of Destruction
 43276 | Vaults:1 | Found Ahuppenu's Magic Scroll Shop.
 43299 | Vaults:1 | Bought a scroll of enchant armour for 75 gold pieces
 43299 | Vaults:1 | Bought a scroll of teleportation for 30 gold pieces
 43299 | Vaults:1 | Bought a scroll of blinking for 75 gold pieces
 43299 | Vaults:1 | Bought 2 scrolls of teleportation for 60 gold pieces
 43299 | Vaults:1 | Bought a scroll of teleportation for 30 gold pieces
 43299 | Vaults:1 | Bought a scroll of fog for 40 gold pieces
 43299 | Vaults:1 | Bought a scroll of revelation for 75 gold pieces
 44422 | Vaults:2 | Noticed Margery
 44422 | Vaults:2 | Noticed Norris
 44798 | Vaults:2 | Reached skill level 10 in Shields
 45386 | Vaults:2 | Identified the +1 mace "Qaos" {drain, Dex+3 SInv}
 45554 | Vaults:2 | Reached skill level 10 in Fighting
 45850 | Vaults:2 | Reached skill level 10 in Earth Magic
 45858 | Vaults:2 | Offered knowledge of Fire Storm by Vehumet.
 45858 | Vaults:2 | Offered knowledge of Chain Lightning by Vehumet.
 45858 | Vaults:2 | Offered knowledge of Polar Vortex by Vehumet.
 46006 | Vaults:2 | Identified the +5 halberd "Arowumn" {drain, Str+3 Stlth+}
 46390 | Vaults:2 | Killed Norris
 46550 | Vaults:2 | Killed Margery
 46551 | Vaults:2 | Reached skill level 14 in Ice Magic
 47107 | Vaults:2 | Reached XP level 19. HP: 49/112 MP: 4/42
 48395 | Vaults:3 | Found a staircase to the Crypt.
 48395 | Vaults:3 | Found a basalt altar of Yredelemnul.
 48395 | Vaults:3 | Found an ancient bone altar of Kikubaaqudgha.
 48450 | Vaults:3 | Noticed Jory
 48460 | Vaults:3 | Killed Jory
 49464 | Vaults:3 | Found a large runed translucent door.
 49464 | Vaults:3 | Found a large runed translucent door.
 49465 | Vaults:3 | Noticed Qeunemit's ghost (adept GrFi)
 49475 | Vaults:3 | Upgraded the game from 0.32-a0-928-g1cae6b7ea0 to
                  | 0.32-a0-931-g5a2cda0630
 49575 | Vaults:3 | Reached skill level 15 in Ice Magic
 51681 | Vaults:4 | Learned a level 9 spell: Polar Vortex
 52108 | Vaults:4 | Reached skill level 16 in Ice Magic
 52352 | Vaults:4 | Reached XP level 20. HP: 100/120 MP: 23/44
 52472 | Vaults:4 | Learned a level 5 spell: Irradiate
 53089 | Elf:1    | Entered Level 1 of the Elven Halls
 53280 | Elf:1    | Noticed Azrael
 53509 | Elf:1    | Killed Azrael
 54001 | Elf:1    | Found an ancient bone altar of Kikubaaqudgha.
 54023 | Elf:1    | Noticed Frances
 54031 | Elf:1    | Killed Frances
 54275 | Elf:1    | Reached skill level 17 in Ice Magic
 55501 | Elf:2    | Found a runed translucent gate.
 55502 | Elf:2    | Found a runed translucent gate.
 55502 | Elf:2    | Found a runed translucent gate.
 56083 | Elf:3    | Entered Level 3 of the Elven Halls
 56146 | Elf:3    | Noticed Donald
 56151 | Elf:3    | Killed Donald
 56307 | Elf:3    | Found Launam's Assorted Antiques.
 56307 | Elf:3    | Found Lurasot's Magic Scroll Shoppe.
 56318 | Elf:3    | Bought a potion of magic for 280 gold pieces
 56326 | Elf:3    | Bought a scroll of blinking for 120 gold pieces
 56326 | Elf:3    | Bought a scroll of fog for 64 gold pieces
 56540 | Elf:3    | Reached skill level 18 in Ice Magic
 57506 | Elf:3    | Identified the +5 pair of boots "Apaplaumo" {Int+7 SInv}
 57548 | Elf:3    | Identified the amulet of Ascent {Reflect rC+ rCorr Int-4
                  | SH+5}
 57572 | Elf:3    | Reached XP level 21. HP: 128/128 MP: 18/45
 57615 | Elf:3    | Identified a ring "Xareochu Fuo" {Fire Int+2 Dex+4 Slay+3}
 57688 | Elf:3    | Identified the ring "Cyibris" {rElec Will- Str+6 Int+4
                  | Dex+2}
 58006 | Depths:1 | Entered Level 1 of the Depths
 58006 | Depths:1 | Noticed a juggernaut
 58013 | Depths:1 | Killed a juggernaut
 58014 | Depths:1 | Reached skill level 19 in Ice Magic
 58171 | Depths:1 | Found Xenamaxi's Book Boutique.
 58178 | Depths:1 | Found Lesutsom's Book Boutique.
 58179 | Depths:1 | Found Vocypt's Jewellery Shoppe.
 58878 | Depths:1 | Found a gateway to Hell.
 59111 | Depths:1 | Found Buogupto's Distillery.
 59233 | Depths:1 | Reached skill level 20 in Ice Magic
 59562 | Depths:2 | Found a one-way gate leading to the halls of Pandemonium.
 59573 | Depths:2 | HP: 2/129 [frost giant/bolt of cold (19)]
 60184 | Depths:2 | Identified the +8 falchion of Bauth {flame, Will+ Int+2
                  | Stlth+}
 60758 | Depths:2 | Found an iron altar of Okawaru.
 60836 | Depths:2 | Identified the +0 cloak of Macaroni {rF- Dex+7}
 60874 | Depths:2 | Identified the +7 quarterstaff "Ciweclo" {protect, Will+
                  | Dex+5}
 60955 | Depths:2 | Found a one-way gate to the infinite horrors of the Abyss.
 61905 | Depths:3 | Reached skill level 21 in Ice Magic
 61907 | Depths:3 | Reached XP level 22. HP: 136/136 MP: 38/46
 62085 | Depths:3 | Learned a level 2 spell: Blink
 62410 | Depths:3 | Noticed a golden dragon
 62425 | Depths:3 | Killed a golden dragon
 63861 | D:4      | Noticed Consumeair16's ghost (amateur CoBe)
 63921 | D:4      | Killed Consumeair16's ghost
 64192 | D:15     | Found a transporter.
 64214 | D:15     | Killed Bustrupp's ghost
 64592 | Lair:3   | Killed Ruich's ghost
 64853 | Depths:3 | Identified the +4 ring mail of the Kissing Gods {rPois rC-
                  | Dex+4}
 65055 | Depths:3 | Identified the +0 leather armour "Ameraen" {rC+ rN+}
 65795 | Depths:3 | Reached skill level 10 in Stealth
 66359 | Depths:3 | Found a one-way gateway to a ziggurat.
 66446 | Depths:4 | Entered Level 4 of the Depths
 66675 | Depths:4 | Found a portal to a secret trove of treasure.
 66837 | Depths:4 | Reached skill level 22 in Ice Magic
 67166 | Depths:4 | Noticed a juggernaut
 67173 | Depths:4 | Killed a juggernaut
 68259 | Depths:4 | Noticed a golden dragon
 68270 | Depths:4 | Killed a golden dragon
 68501 | Depths:4 | Noticed Mennas
 68508 | Depths:4 | Killed Mennas
 68829 | Depths:4 | Reached XP level 23. HP: 84/143 MP: 25/47
 69469 | Depths:4 | Found a gate to the Realm of Zot.
 69493 | Depths:4 | Identified the +4 scale mail "Capywid" {*Slow rElec Str+5
                  | Stlth-}
 70806 | Slime:1  | Entered Level 1 of the Pits of Slime
 70816 | Slime:1  | Reached skill level 15 in Dodging
 71325 | Slime:2  | Reached skill level 15 in Shields
 71326 | Slime:2  | Gained mutation: You are weak. (Str -2) [a shining eye]
 71380 | Slime:1  | Reached skill level 15 in Fighting
 73275 | Slime:5  | Entered Level 5 of the Pits of Slime
 73345 | Slime:5  | Reached skill level 1 in Armour
 73348 | Slime:5  | Noticed Dissolution
 73596 | Slime:5  | Killed Dissolution
 73792 | Slime:5  | Noticed the Royal Jelly
 73800 | Slime:5  | Killed the Royal Jelly
 74124 | Slime:4  | Reached skill level 5 in Armour
 74308 | Slime:5  | Identified the +8 whip of the Establishment {protect,
                  | +Blink Fly Int+3}
 74312 | Slime:5  | Identified the granite talisman "Ronamm" {rF++ Will- Int+4}
 74314 | Slime:5  | Got a slimy rune of Zot
 74399 | Slime:5  | Identified the +0 chain mail "Nuigrack" {Str+6}
 75649 | Zot:1    | Entered Level 1 of the Realm of Zot
 76062 | Zot:1    | Noticed a Killer Klown
 76079 | Zot:1    | Killed a Killer Klown
 76083 | Zot:1    | Noticed a Killer Klown
 76096 | Zot:1    | Killed a Killer Klown
 76103 | Zot:1    | Noticed a Killer Klown
 76108 | Zot:1    | Killed a Killer Klown
 76109 | Zot:1    | Reached XP level 24. HP: 136/152 MP: 21/47
 76194 | Zot:1    | Identified the ring of Ehinutua {Ice Dex+5}
 76194 | Zot:1    | Noticed Josephina
 76201 | Zot:1    | Killed Josephina
 76960 | Zot:1    | Noticed a Killer Klown
 76960 | Zot:1    | Noticed an orb of fire
 76961 | Zot:1    | Gained mutation: Your health recovers twice as slowly from
                  | being drained. [an orb of fire]
 76964 | Zot:1    | Gained mutation: Armour fits poorly on your strangely
                  | shaped body. [an orb of fire]
 76965 | Zot:1    | Gained mutation: Potions are less effective at restoring
                  | your health. [an orb of fire]
 76967 | Zot:1    | Killed a Killer Klown
 76970 | Zot:1    | Killed an orb of fire
 76977 | Zot:1    | Lost mutation: You are weak. (Str -2) [potion of mutation]
 76977 | Zot:1    | Lost mutation: Potions are less effective at restoring your
                  | health. [potion of mutation]
 76977 | Zot:1    | Gained mutation: You are occasionally teleported next to
                  | monsters. [potion of mutation]
 76978 | Zot:1    | Lost mutation: Armour fits poorly on your strangely shaped
                  | body. [potion of mutation]
 76978 | Zot:1    | Lost mutation: You are occasionally teleported next to
                  | monsters. [potion of mutation]
 76978 | Zot:1    | Gained mutation: Your flesh is heat resistant. (rF+)
                  | [potion of mutation]
 76978 | Zot:1    | Gained mutation: You have large cloven feet. [potion of
                  | mutation]
 76978 | Zot:1    | Gained mutation: You are agile. (Dex +4, Str/Int -1)
                  | [potion of mutation]
 77143 | Zot:1    | Noticed a Killer Klown
 77148 | Zot:1    | Killed a Killer Klown
 77176 | Zot:1    | Noticed a Killer Klown
 77183 | Zot:1    | Killed a Killer Klown
 77276 | Zot:1    | Noticed a dread lich
 77281 | Zot:1    | Killed a dread lich
 77445 | Zot:1    | Noticed a Killer Klown
 77455 | Zot:1    | Killed a Killer Klown
 78198 | Zot:2    | Identified the +8 mace of the Keeping Visionary {distort,
                  | Will+ Int+3 Stlth-}
 78599 | Zot:2    | Identified the amulet "Icel" {Regen+ rCorr Str+6 Int-3}
 78607 | Zot:2    | Upgraded the game from 0.32-a0-931-g5a2cda0630 to
                  | 0.32-a0-933-ga8fa3634e4
 78617 | Zot:2    | Reached skill level 10 in Armour
 79451 | Zot:2    | Found an opulent altar of Gozag.
 80458 | Zot:3    | Noticed an orb of fire
 80466 | Zot:3    | Killed an orb of fire
 82851 | Zot:5    | Entered Level 5 of the Realm of Zot
 82855 | Zot:5    | Reached XP level 25. HP: 160/160 MP: 36/47
 83353 | Zot:5    | Noticed an ancient lich
 83360 | Zot:5    | Killed an ancient lich
 83371 | Zot:5    | Noticed a Killer Klown
 83380 | Zot:5    | Noticed an orb of fire
 83391 | Zot:5    | Killed a Killer Klown
 83391 | Zot:5    | Gained mutation: Your magical capacity is low. (-10% MP)
                  | [an orb of fire]
 83392 | Zot:5    | Killed an orb of fire
 83534 | Zot:5    | Noticed a Killer Klown
 83541 | Zot:5    | Killed a Killer Klown
 83701 | Zot:5    | Noticed a Killer Klown
 83704 | Zot:5    | Noticed a Killer Klown
 83706 | Zot:5    | Killed a Killer Klown
 83712 | Zot:5    | Killed a Killer Klown
 83714 | Zot:5    | Noticed a Killer Klown
 84120 | Zot:5    | Killed a Killer Klown
 84177 | Zot:5    | Identified the +7 scimitar of the Scorching Cardinal
                  | {freeze, +Blink rF+ SInv}
 84388 | Zot:5    | Noticed a dread lich
 84391 | Zot:5    | Killed a dread lich
 84399 | Zot:5    | Reached skill level 15 in Stealth
 84463 | Zot:5    | Noticed an orb of fire
 84469 | Zot:5    | Noticed a Killer Klown
 84471 | Zot:5    | Killed an orb of fire
 84473 | Zot:5    | Noticed an ancient lich
 84493 | Zot:5    | Killed a Killer Klown
 84586 | Zot:5    | Noticed a Killer Klown
 84594 | Zot:5    | Noticed an orb of fire
 84603 | Zot:5    | Killed an orb of fire
 84614 | Zot:5    | Killed a Killer Klown
 84785 | Zot:5    | Killed an ancient lich
 84960 | Zot:5    | Got the Orb of Zot
 84988 | Zot:4    | Noticed Yqisee the pandemonium lord
 84995 | Zot:4    | Gained mutation: You are vulnerable to cold. (rC-)
                  | [mutagenic glow]
 85488 | D:6      | Noticed Coaduhug the pandemonium lord
 85497 | D:6      | Killed Coaduhug the pandemonium lord
 85627 | D:$      | Escaped with the Orb!

Illustrated notes

Levels and vault maps discovered:
D:1:      wander_arrival_chamber, layout_loops_corners, serial_shops,
          nicolae_shop_hallway_stairs, minivault_19
D:2:      layout_basic
D:3:      layout_basic, xom_butterflies, shapermc_ecumenical_altar_gd,
          due_unseen_surprise, uniq_robin
D:4:      layout_basic, gammafunk_ghost_gnarly_gnolls, minmay_small_thing
D:5:      layout_cave_pools, mainiacjoe_overflow_chevrons, old_standard_altar,
          yredelemnul_altar_generic, minmay_temple_entry_offerings,
          minmay_misc_feat_pillars, due_unseen_surprise, uniq_duvessa
D:6:      layout_cave_pools, nemelex_spade_bored_becter, serial_shops, shop,
          serial_glass, glass_columns_c, glass_columns_b,
          nicolae_shop_vocational
D:7:      cheibrodos_steamvent, layout_loops_ring,
          nicolae_overflow_hallway_of_the_gods
D:8:      layout_basic, nicolae_ru_the_path_less_chosen
D:9:      layout_long_grid, serial_undead, serial_undead_b, serial_undead_a,
          serial_undead_b, serial_undead_d
D:10:     layout_grid_maze, orc_0_dummy, uniq_maurice, uniq_erica
D:11:     layout_big_octagon, due_lair_maze_entry_diamond
D:12:     layout_cave_pools, kennysheep_vampire_church
D:13:     layout_basic, minmay_holes
D:14:     layout_long_grid, david_vaults_3, trog_three_pillars_becter
D:15:     hangedman_depths_entry_try_elsewhere_first, layout_long_grid,
          gammafunk_ghost_smash, moated_statue, grunt_dithmenos_shadows
Temple:   hellmonk_temple_forest_ring
Lair:1:   layout_roguey
Lair:2:   layout_cave_pods, spider_nest_entry_rubble,
          nicolae_lair_run_with_the_wolves
Lair:3:   layout_loops_ring, swamp_mist, ebering_ghost_funeral_grove,
          beast_lair_carwin_3
Lair:4:   layout_gridlike, enter_volcano_1
Lair:5:   grunt_lair_end_beastmaster, layout_gridlike,
          dpeg_slime_entry_enclosed, chequers_serial_rivers_micro_e,
          patterned_corridor, uniq_urug
Swamp:1:  layout_basic_swamp, evilmike_swamp_ruin_house_3, uniq_roxanne,
          uniq_aizul, uniq_mlioglotl
Swamp:2:  layout_basic_swamp, nicolae_swamp_round_clearing
Swamp:3:  layout_basic_swamp, hangedman_swamp_blocks,
          infiniplex_staircase_pool_2
Swamp:4:  swamp_alternative, layout_basic_swamp, nicolae_swamp_drake_lake
Spider:1: layout_spider_delve
Spider:2: layout_spider_delve, einodemon_crawler_minivault
Spider:3: layout_spider_delve, nicolae_spider_twisty_arc_passages, uniq_louise,
          uniq_mara
Spider:4: floodkiller_spider_rune_tomb
Slime:1:  layout_caves
Slime:2:  cheibrodos_slime_lost_civilization_2, layout_caves
Slime:3:  layout_caves
Slime:4:  layout_caves
Slime:5:  slime_pit_nicolae_amoeboid, uniq_dissolution
Orc:1:    layout_caves, statue_in_the_mist_lemuel
Orc:2:    kennysheep_orc_mage_school, layout_diamond_mine, serial_shops, shop
Elf:1:    eino_elf_arrival_sip, layout_geoelf_octagon, basic_altar,
          nicolae_elf_shapeshifter_party, uniq_azrael, uniq_frances
Elf:2:    elven_hall_of_blades_hangedman_original [nicolae_blade_tridents],
          layout_gridlike, special_room [special_room_orc]
Elf:3:    minmay_elf_hall, layout_loops_ring, minmay_shoptagon, uniq_donald
Vaults:1: lightli_enter_wizlab_magi_temple, nicolae_vaults_tetromino_Z_2,
          hangedman_vaults_stretched_pinwheel, vaults_dpeg_encased_lava,
          nicolae_vaults_shipping_containers_4, vaults_room_pool,
          layout_vaults_omnigrid, serial_shops, shop
Vaults:2: v_misc_9, v_rooms_3, grunt_vaults_hallway_long,
          nicolae_vaults_statue_guard, v_pattern_5, ontoclasm_vaults_eye,
          nicolae_vaults_windows_and_doors_thing,
          nicolae_vaults_closet_pinwheel_5, nicolae_vaults_rhombus_6,
          nicolae_vaults_trapezoid_1, nicolae_vaults_trapezoid_lopsided_3,
          vaults_room_door_ring, nicolae_vaults_little_squares_2,
          layout_vaults_omnicross, uniq_norris, uniq_margery
Vaults:3: ebering_ghost_disaster_area, minmay_crypt_entry_necro_gods,
          vaults_mumra_chevron_long, v_rooms_2, vaults_dpeg_doors,
          nicolae_vaults_theta, v_misc_5, grunt_vaults_focal,
          nicolae_vaults_diamond_1, nicolae_vaults_quartermaster, v_misc_11,
          hangedman_vaults_snaps, nicolae_vaults_variable_pillar_hall,
          hangedman_vaults_trim, layout_vaults_maze_bifur, uniq_jory
Vaults:4: v_alt_pattern_4, v_misc_12, hangedman_vaults_restitches,
          hangedman_vaults_trim, nicolae_vaults_tetromino_Z_2, v_alt_pattern_6,
          nicolae_vaults_six-pack, vaults_room_corners,
          vaults_room_stairs_pillars, hangedman_vaults_stretched_pinwheel,
          nicolae_vaults_diamond_2, vaults_dpeg_ring, layout_vaults_ring
Depths:1: minmay_ambush_box, layout_cave_pools, serial_shops,
          nicolae_diamond_shop, hell_entry, nicolae_the_louvre,
          minmay_shop_grove
Depths:2: evilmike_iron_armoury, layout_honeycomb,
          nicolae_abyss_entry_one_way_or_another, minmay_misc_feat_ornament,
          grunt_hell_entry_dis_grunt, rand_demon_pan_entry_5,
          infiniplex_staircase_hallway_doors
Depths:3: hangedman_cross_cluster, layout_gridlike, enter_ziggurat_d,
          hell_entry, corexii_hall_statues_x, minmay_room_of_horrors,
          serial_curves, eino_curves_02, eino_curves_03
Depths:4: lemuel_castle_with_subvaults [lemuel_castle_interior_carwin_3],
          layout_gridlike, enter_trove_3, corexii_hall_statues_deadend,
          lightli_too_deep, pan_entry, uniq_mennas
Zot:1:    ebering_klown_carousel, layout_twisted_circle, uniq_josephina
Zot:2:    layout_basic, basic_altar, st_single_dragon_hoard_3,
          skrybe_zot_glass_1, grunt_megastairs_4
Zot:3:    layout_gridlike, regret_index_zotdec_banners
Zot:4:    layout_gridlike, lemuel_elevator
Zot:5:    layout_cathedral_of_symmetry

Skill      XL: |  1  2  3  4  5  6  7  8  9 10 11 12 13 14 15 16 17 18 19 20 21 22 23 24 25 |
---------------+----------------------------------------------------------------------------+-----
Stealth        | 3 4 5 7 9 11 12 13 16 | 16.2
Conjurations   | 5 6 7 8 10 12 | 12.9
Spellcasting   | 4 5 6 7 8 10 12 13 14 15 17 18 | 18.8
Translocations | 1 2 4 5 |  5.0
Air Magic      | 1 2 3 4 7 8 |  8.5
Alchemy        | 1 2 3 5 |  5.0
Ice Magic      | 3 6 8 10 11 12 13 14 16 18 21 22 | 22.0
Shields        | 2 4 6 9 10 11 12 13 14 15 | 15.0
Dodging        | 3 6 7 8 10 11 12 14 16 18 | 18.7
Fighting       | 1 3 5 6 7 8 9 10 11 12 13 14 16 17 18 | 18.4
Earth Magic    | 6 7 9 10 | 10.0
Fire Magic     | 3 4 5 8 |  8.0
Summonings     | 3 6 9 11 12 | 12.0
Evocations     | 2 4 6 7 |  7.0
Armour         | 6 11 | 11.0

Action                     |  1- 3 |  4- 6 |  7- 9 | 10-12 | 13-15 | 16-18 | 19-21 | 22-24 | 25-27 || total
---------------------------+-------+-------+-------+-------+-------+-------+-------+-------+-------++-------
  Melee: Unarmed           |     7 |       |       |       |       |       |       |       |       ||     7
         Staff             |       |    12 |       |       |     4 |     5 |     3 |    17 |       ||    41
   Cast: Magic Dart        |    59 |    88 |    34 |    15 |     5 |       |       |       |       ||   201
         Searing Ray       |     4 |    18 |    64 |    53 |     3 |       |       |       |       ||   142
         Iskenderun's Myst |       |     1 |     1 |    52 |   131 |    84 |    17 |     2 |     8 ||   296
         Mephitic Cloud    |       |     4 |    21 |    11 |     1 |     2 |       |       |       ||    39
         Freezing Cloud    |       |       |     6 |   108 |   263 |    99 |    10 |     1 |       ||   487
         Permafrost Erupti |       |       |       |     9 |    85 |    87 |   206 |   218 |    80 ||   685
         Olgreb's Toxic Ra |       |       |       |     1 |    26 |    46 |       |       |       ||    73
         Ignite Poison     |       |       |       |       |    25 |    61 |       |       |       ||    86
         Spellforged Servi |       |       |       |       |     2 |    77 |   114 |    50 |     2 ||   245
         Plasma Beam       |       |       |       |       |       |    65 |    31 |    59 |     3 ||   158
         Ozocubu's Refrige |       |       |       |       |       |   105 |    84 |   126 |    19 ||   334
         Orb of Destructio |       |       |       |       |       |    13 |    59 |    87 |    14 ||   173
         Polar Vortex      |       |       |       |       |       |       |    35 |    75 |     8 ||   118
         Irradiate         |       |       |       |       |       |       |    14 |    57 |    13 ||    84
         Blink             |       |       |       |       |       |       |       |     1 |       ||     1
  Evoke: Wand              |       |       |       |       |     6 |     7 |     1 |     6 |       ||    20
         Gell's gravitambo |       |       |       |       |       |     1 |       |     1 |       ||     2
    Use: Scroll            |       |       |     3 |    10 |    13 |    11 |     9 |    11 |     2 ||    59
         Potion            |       |       |       |       |     3 |     9 |     6 |    13 |     7 ||    38
   Stab: Sleeping          |       |     1 |       |       |       |       |       |       |       ||     1
 Armour: Robe              |    21 |    21 |    18 |       |    76 |   103 |   136 |   175 |       ||   550
         Steam dragon scal |       |       |    13 |    97 |     1 |       |       |       |       ||   111
         Swamp dragon scal |       |       |       |       |       |       |       |    19 |    35 ||    54
  Dodge: Dodged            |    16 |    21 |    26 |    68 |    56 |    55 |    89 |   137 |    17 ||   485
  Block: Buckler           |       |       |       |     3 |    24 |     7 |    13 |       |       ||    47
         Kite shield       |       |       |       |       |       |    37 |    70 |   102 |    14 ||   223

Table legend: (Time is in decaauts)
 A = Elapsed time spent in this place.
 B = Non-inter-level travel time spent in this place.
 C = Inter-level travel time spent in this place.
 D = Time resting spent in this place.
 E = Time spent auto-exploring this place.
 F = Levels seen in this place.
 G = Mean time per level.
                   A        B        C        D        E       F      G
               +--------+--------+--------+--------+--------+-----+--------+
         Total |  85772 |  77577 |   8195 |  32735 |  18126 |  54 | 1588.4 |
       Dungeon |  21971 |  18586 |   3385 |   6429 |   7935 |  15 | 1464.7 |
        Temple |     30 |     16 |     14 |      0 |      0 |   1 |   30.0 |
          Lair |   8480 |   7557 |    923 |   3332 |   2461 |   5 | 1696.0 |
         Swamp |   5024 |   4673 |    351 |   2179 |   1069 |   4 | 1256.0 |
   Spider Nest |   7595 |   7370 |    225 |   3688 |   1223 |   4 | 1898.8 |
    Slime Pits |   3668 |   3477 |    191 |   1198 |    739 |   5 |  733.6 |
  Orcish Mines |   3469 |   2985 |    484 |   1627 |    286 |   2 | 1734.5 |
   Elven Halls |   5206 |   4394 |    812 |   1572 |    408 |   3 | 1735.3 |
        Vaults |  10115 |   9650 |    465 |   4723 |   1426 |   4 | 2528.8 |
        Depths |  11273 |  10202 |   1071 |   4550 |   1430 |   4 | 2818.2 |
           Zot |   8540 |   8270 |    270 |   3292 |   1148 |   5 | 1708.0 |
       Volcano |    389 |    389 |      0 |    144 |      0 |   1 |  389.0 |
        Wizlab |      6 |      6 |      0 |      0 |      0 |   1 |    6.0 |
               +--------+--------+--------+--------+--------+-----+--------+

Top non-repeatable levels by time:
Depths:4: 3860 daAuts
Vaults:2: 3402 daAuts
Depths:3: 3211 daAuts
Spider:4: 3072 daAuts
Vaults:3: 2807 daAuts
   Orc:2: 2654 daAuts
    D:10: 2487 daAuts
     D:8: 2267 daAuts
   Zot:1: 2258 daAuts
Depths:2: 2235 daAuts
   Elf:3: 2153 daAuts
  Lair:5: 2152 daAuts
   Zot:5: 2097 daAuts
     D:4: 2053 daAuts
    D:15: 2051 daAuts
